Kings vs Flyers

Created - 14 novembre 2015 at 22:54

Goals
1 2 3 T
Kings 1 0 1 2
Flyers 0 0 0 0
Shots
1 2 3 T
Kings 6 10 10 26
Flyers 5 5 12 22

1st period

1. Kings , Anze Kopitar 8 (Drew Doughty, Lubomir Visnovsky) at 6:00

Penalties :
Drew Doughty (LAK) for Cross-checking (Minor) at 1:04

2nd period

No Goal

Penalties :
Boyd Devereaux (LAK) for High sticking (Minor) at 5:39

3rd period

2. Kings , Matt Duchene 6 (Vladimir Tarasenko, Dion Phaneuf) at 12:43

Penalties :
Patrick Marleau (Phi) for Hooking (Minor) at 0:44, Drew Doughty (LAK) for Interference (Minor) at 5:47, Maxim Afinogenov (LAK) for Hooking (Minor) at 14:53

Goalie Stats

Viktor Fasth (LAK), 22 saves from 22 shots - (1,000), W, 6-5-0, 60:00 minutes
Cory Schneider (Phi), 24 saves from 26 shots - (0,923), L, 4-2-0, 60:00 minutes

Players Stats for Kings

Player Name              G  A  P  +/- PIM S  H  SB GA TA FO     MP     PP MP  PK MP  
------------------------------------------------------------------------------------
Andrei Kostitsyn         0  0  0   2  0   1  5  1  0  1  1/1    20:01   1:06   1:57 
Anze Kopitar             1  0  1   1  0   1  3  1  1  1  8/11   17:37   1:06   2:12 
Boyd Devereaux           0  0  0   0  2   0  3  1  0  0  4/9    16:31   0:00   2:59 
Dion Phaneuf             0  1  1   2  0   0  0  2  0  3  0/0    24:56   1:12   3:18 
Drew Doughty             0  1  1   1  4   1  0  2  0  0  0/0    19:11   1:12   1:33 
Dustin Byfuglien         0  0  0   0  0   1  1  0  0  0  0/1     9:39   0:00   1:49 
Guillaume Latendresse    0  0  0   0  0   2  0  0  1  1  0/0    13:03   0:53   0:15 
Johnny Oduya             0  0  0   0  0   1  2  0  0  1  0/0    21:07   0:47   4:38 
Jordan Nolan             0  0  0   0  0   0  2  0  0  0  3/4    10:09   1:06   0:46 
Lubomir Visnovsky        0  1  1   0  0   1  2  0  0  0  0/0    19:03   0:00   4:38 
Martin Samuelsson        0  0  0   0  0   1  0  0  0  0  0/0    11:39   0:00   3:55 
Matt Duchene             1  0  1   1  0   8  1  0  0  0  18/25  15:48   0:53   0:10 
Maxim Afinogenov         0  0  0   0  2   2  2  1  0  0  0/0    12:55   0:47   0:00 
Miroslav Satan           0  0  0   0  0   2  0  0  1  0  0/0    13:11   0:00   0:00 
Scottie Upshall          0  0  0   0  0   0  2  2  0  0  0/1    15:06   0:00   1:49 
Tomas Kaberle            0  0  0   2  0   3  2  0  0  0  0/0    20:23   0:00   0:33 
Trevor Daley             0  0  0   0  0   1  2  1  1  0  0/0    16:39   0:00   1:12 
Vladimir Tarasenko       0  1  1   1  0   1  1  0  0  0  0/2    15:02   0:53   0:00 

Players Stats for Flyers

Player Name              G  A  P  +/- PIM S  H  SB GA TA FO     MP     PP MP  PK MP  
------------------------------------------------------------------------------------
Alexandre Picard         0  0  0   0  0   0  1  0  0  0  0/0    11:06   0:15   0:00 
Blake Wheeler            0  0  0   0  0   2  2  1  0  0  0/1    19:13   3:55   0:26 
Dany Heatley             0  0  0   0  0   1  1  0  0  0  1/2    20:20   4:01   1:00 
Jeff Carter              0  0  0   0  0   2  0  0  0  0  8/12   19:54   4:01   0:34 
Jeff O'Neill             0  0  0  -1  0   0  1  0  0  0  0/2     9:53   0:00   0:00 
Jeff Woywitka            0  0  0  -2  0   3  0  3  0  0  0/0    26:12   4:07   1:06 
Jonathan Ericsson        0  0  0   0  0   0  0  0  1  1  0/0    24:26   4:07   0:53 
Kyle Wellwood            0  0  0   0  0   2  3  0  0  0  10/29  19:13   3:55   0:26 
Martin St. Louis         0  0  0   0  0   4  0  0  0  0  0/1    19:17   4:01   0:00 
Matt Smaby               0  0  0  -2  0   2  4  2  1  1  0/0    24:45   3:34   0:53 
Matthew Lombardi         0  0  0  -1  0   1  1  0  0  0  0/3    11:00   0:00   0:59 
Michael Ryder            0  0  0  -1  0   1  0  0  0  0  0/0     9:53   0:00   0:00 
Michel Ouellet           0  0  0  -1  0   1  1  0  1  0  0/0    10:01   0:00   0:00 
Mike York                0  0  0  -1  0   0  2  0  0  0  1/1    10:26   0:00   0:33 
Patrick Marleau          0  0  0   0  2   0  0  0  3  1  0/3    18:49   3:55   0:00 
Robyn Regehr             0  0  0   0  0   0  0  2  0  0  0/0    10:33   0:00   0:00 
Rostislav Olesz          0  0  0  -1  0   2  0  1  1  0  0/0    10:01   0:00   0:00 
Stephane Robidas         0  0  0   0  0   1  3  1  0  1  0/0    22:58   3:49   1:06 

3 Stars

1 - Viktor Fasth (LAK)
2 - Anze Kopitar (LAK)
3 - Matt Duchene (LAK)

Power Play

Kings - 0 on 1 Attempt(s) - 0,00%
Flyers - 0 on 4 Attempt(s) - 0,00%

Penalty Kill

Kings - 4 on 4 Attempt(s) - 100,00% - Score 0 goal in Penalty Kill
Flyers - 1 on 1 Attempt(s) - 100,00% - Score 0 goal in Penalty Kill

Team Stat

Kings - Hits : 28 - Faceoff Wins : 34 - Blocked Shots : 11 - Penalty Minutes : 8
Flyers - Hits : 19 - Faceoff Wins : 20 - Blocked Shots : 10 - Penalty Minutes : 2

Official

Referees : Furlatt Eric and Rooney Chris
Linesman : Jonny Murray and Brad Kovachik

Game Notes

No Game Note

Finance

Level 1 -- Attendance: 5874 (97,90%) -- Ticket Income 499 290 $
Level 2 -- Attendance: 5000 (100,00%) -- Ticket Income 250 000 $
Level 3 -- Attendance: 1926 (96,30%) -- Ticket Income 57 780 $
Level 4 -- Attendance: 3718 (92,95%) -- Ticket Income 74 360 $
Luxury Box -- Attendance: 893 (89,30%) -- Ticket Income 147 345 $
Game was played at the Wells Fargo Center'
Total Attendance: 17411 (96,73%)
Total Ticket Income: 1 028 775 $
Other Income: 154 316 $
Total Income: 1 183 091 $

Kings

5 vs 5 Forward 
   Center                   Left Wing                Right Wing               Time % Phy DF OF 
 1 Anze Kopitar             Guillaume Latendresse    Maxim Afinogenov         30     1   1  3  
 2 Matt Duchene             Andrei Kostitsyn         Vladimir Tarasenko       30     0   3  2  
 3 Boyd Devereaux           Scottie Upshall          Miroslav Satan           25     0   3  2  
 4 Jordan Nolan             Martin Samuelsson        Dustin Byfuglien         15     0   4  1  

5 vs 5 Defense 
   Defense                  Defense                                           Time % Phy DF OF 
 1 Dion Phaneuf             Tomas Kaberle                                     40     1   3  1  
 2 Johnny Oduya             Trevor Daley                                      35     1   3  1  
 3 Drew Doughty             Lubomir Visnovsky                                 25     1   3  1  
 4 Dion Phaneuf             Drew Doughty                                      0      1   3  1  

PowerPlay Forward 
   Center                   Left Wing                Right Wing               Time % Phy DF OF 
 1 Anze Kopitar             Andrei Kostitsyn         Jordan Nolan             60     1   1  3  
 2 Matt Duchene             Guillaume Latendresse    Vladimir Tarasenko       40     0   2  3  

PowerPlay Defense
   Defense                  Defense                                           Time % Phy DF OF 
 1 Drew Doughty             Dion Phaneuf                                      60     0   2  3  
 2 Johnny Oduya             Maxim Afinogenov                                  40     0   3  2  

Penalty Kill 4 Players Forward 
   Center                   Wing                     Time % Phy DF OF 
 1 Boyd Devereaux           Martin Samuelsson        60     0   4  1  
 2 Dustin Byfuglien         Scottie Upshall          40     0   4  1  

Penalty Kill 4 Players Defense
   Defense                  Defense                  Time % Phy DF OF 
 1 Lubomir Visnovsky        Johnny Oduya             60     1   4  0  
 2 Dion Phaneuf             Drew Doughty             40     1   4  0  

Penalty Kill - 3 Players Forward 
   Forward                                           Time % Phy DF OF 
 1 Boyd Devereaux                                    60     0   4  1  
 2 Dustin Byfuglien                                  40     0   4  1  

Penalty Kill - 3 Players Defense
   Defense                  Defense                  Time % Phy DF OF 
 1 Lubomir Visnovsky        Johnny Oduya             60     1   4  0  
 2 Drew Doughty             Dion Phaneuf             40     1   4  0  

4 vs 4 Forward 
   Center                   Wing                     Time % Phy DF OF 
 1 Anze Kopitar             Guillaume Latendresse    60     1   2  2  
 2 Matt Duchene             Andrei Kostitsyn         40     1   2  2  

4 vs 4 Defense
   Defense                  Defense                  Time % Phy DF OF 
 1 Dion Phaneuf             Drew Doughty             60     1   2  2  
 2 Johnny Oduya             Trevor Daley             40     1   2  2  

Last Minutes Offensive
   Center                   Left Wing                Right Wing               Defense                  Defense                  
   Anze Kopitar             Andrei Kostitsyn         Maxim Afinogenov         Drew Doughty             Dion Phaneuf             

Last Minutes Defensive
   Center                   Left Wing                Right Wing               Defense                  Defense                  
   Boyd Devereaux           Martin Samuelsson        Dustin Byfuglien         Dion Phaneuf             Johnny Oduya             

Goaltenders
Starting : Viktor Fasth             
Backup : Jean-Sébastien Giguère   

Extra Forwards
Normal : Jordan Nolan, Matt Duchene, Dustin Byfuglien - PP : Scottie Upshall, Dustin Byfuglien - PK : Anze Kopitar
Extra Defensemen
Normal : Drew Doughty, Dion Phaneuf, Johnny Oduya - PP : Trevor Daley - PK : Trevor Daley, Tomas Kaberle
Penalty Shots
Anze Kopitar, Maxim Afinogenov, Guillaume Latendresse, Andrei Kostitsyn, Boyd Devereaux

Flyers

5 vs 5 Forward 
   Center                   Left Wing                Right Wing               Time % Phy DF OF 
 1 Kyle Wellwood            Patrick Marleau          Blake Wheeler            40     1   0  4  
 2 Jeff Carter              Dany Heatley             Martin St. Louis         30     0   0  5  
 3 Matthew Lombardi         Rostislav Olesz          Michel Ouellet           15     0   3  2  
 4 Jeff O'Neill             Mike York                Michael Ryder            15     0   5  0  

5 vs 5 Defense 
   Defense                  Defense                                           Time % Phy DF OF 
 1 Stephane Robidas         Jonathan Ericsson                                 40     1   2  2  
 2 Jeff Woywitka            Matt Smaby                                        40     1   2  2  
 3 Alexandre Picard         Robyn Regehr                                      15     1   4  0  
 4 Jonathan Ericsson        Jeff Woywitka                                     5      1   2  2  

PowerPlay Forward 
   Center                   Left Wing                Right Wing               Time % Phy DF OF 
 1 Jeff Carter              Dany Heatley             Martin St. Louis         50     1   2  2  
 2 Kyle Wellwood            Patrick Marleau          Blake Wheeler            50     1   2  2  

PowerPlay Defense
   Defense                  Defense                                           Time % Phy DF OF 
 1 Jonathan Ericsson        Jeff Woywitka                                     50     1   2  2  
 2 Stephane Robidas         Matt Smaby                                        50     1   2  2  

Penalty Kill 4 Players Forward 
   Center                   Wing                     Time % Phy DF OF 
 1 Matthew Lombardi         Dany Heatley             60     0   5  0  
 2 Kyle Wellwood            Blake Wheeler            40     0   5  0  

Penalty Kill 4 Players Defense
   Defense                  Defense                  Time % Phy DF OF 
 1 Jeff Woywitka            Stephane Robidas         60     0   5  0  
 2 Jonathan Ericsson        Matt Smaby               40     0   5  0  

Penalty Kill - 3 Players Forward 
   Forward                                           Time % Phy DF OF 
 1 Matthew Lombardi                                  60     0   5  0  
 2 Kyle Wellwood                                     40     0   5  0  

Penalty Kill - 3 Players Defense
   Defense                  Defense                  Time % Phy DF OF 
 1 Jonathan Ericsson        Stephane Robidas         60     0   5  0  
 2 Matt Smaby               Jeff Woywitka            40     0   5  0  

4 vs 4 Forward 
   Center                   Wing                     Time % Phy DF OF 
 1 Jeff Carter              Martin St. Louis         50     1   2  2  
 2 Kyle Wellwood            Patrick Marleau          50     1   2  2  

4 vs 4 Defense
   Defense                  Defense                  Time % Phy DF OF 
 1 Jonathan Ericsson        Jeff Woywitka            50     1   2  2  
 2 Matt Smaby               Stephane Robidas         50     1   2  2  

Last Minutes Offensive
   Center                   Left Wing                Right Wing               Defense                  Defense                  
   Jeff Carter              Patrick Marleau          Martin St. Louis         Jonathan Ericsson        Jeff Woywitka            

Last Minutes Defensive
   Center                   Left Wing                Right Wing               Defense                  Defense                  
   Matthew Lombardi         Dany Heatley             Blake Wheeler            Jeff Woywitka            Jonathan Ericsson        

Goaltenders
Starting : Cory Schneider           
Backup : Robin Lehner             

Extra Forwards
Normal : Jeff Carter, Martin St. Louis, Patrick Marleau - PP : Jeff Carter, Martin St. Louis - PK : Matthew Lombardi
Extra Defensemen
Normal : Stephane Robidas, Jeff Woywitka, Jonathan Ericsson - PP : Stephane Robidas - PK : Jeff Woywitka, Jonathan Ericsson
Penalty Shots
Patrick Marleau, Dany Heatley, Jeff Carter, Blake Wheeler, Kyle Wellwood

% Time on Ice - Kings

Lines # - Real PCT - Wanted PCT - Time Play
Normal Forward
1 - 30% - 30% - 14:55
2 - 28% - 30% - 14:15
3 - 26% - 25% - 13:11
4 - 15% - 15% - 7:44
Normal Defense
1 - 41% - 40% - 20:39
2 - 34% - 35% - 16:53
3 - 25% - 25% - 12:22
4 - 0% - 0% - 0:11
PP Forward
1 - 55% - 60% - 1:06
2 - 45% - 40% - 0:53
PP Defense
1 - 61% - 60% - 1:12
2 - 39% - 40% - 0:47
PK Forward
1 - 77% - 60% - 6:07
2 - 23% - 40% - 1:49
PK Defense
1 - 58% - 60% - 4:38
2 - 42% - 40% - 3:18
PK3 Forward
1 - 0% - 60%
2 - 0% - 40%
PK3 Defense
1 - 0% - 60%
2 - 0% - 40%
44 Forward
1 - 0% - 60%
2 - 0% - 40%
44 Defense
1 - 0% - 60%
2 - 0% - 40%
Last Minute Offensive  - 0:00
Last Minute Defensive  - 0:00
Total
Forward - 60:00
Defense - 60:00

% Time on Ice - Flyers

Lines # - Real PCT - Wanted PCT - Time Play
Normal Forward
1 - 29% - 40% - 14:31
2 - 31% - 30% - 15:40
3 - 20% - 15% - 10:01
4 - 20% - 15% - 9:53
Normal Defense
1 - 34% - 40% - 17:10
2 - 40% - 40% - 20:13
3 - 21% - 15% - 10:46
4 - 4% - 5% - 1:56
PP Forward
1 - 51% - 50% - 4:01
2 - 49% - 50% - 3:55
PP Defense
1 - 52% - 50% - 4:07
2 - 48% - 50% - 3:49
PK Forward
1 - 78% - 60% - 1:33
2 - 22% - 40% - 0:26
PK Defense
1 - 55% - 60% - 1:06
2 - 45% - 40% - 0:53
PK3 Forward
1 - 0% - 60%
2 - 0% - 40%
PK3 Defense
1 - 0% - 60%
2 - 0% - 40%
44 Forward
1 - 0% - 50%
2 - 0% - 50%
44 Defense
1 - 0% - 50%
2 - 0% - 50%
Last Minute Offensive  - 0:00
Last Minute Defensive  - 0:00
Total
Forward - 60:00
Defense - 60:00

Play by Play

1st period


0:01 of 1st period - Anze Kopitar wins face-off versus Kyle Wellwood in neutral zone.
0:56 of 1st period - Snap shot by Rostislav Olesz.
0:56 of 1st period - Shot Misses the Net.
0:58 of 1st period - Snap shot by Stephane Robidas.
0:58 of 1st period - Shot Misses the Net.
1:00 of 1st period - Slapshot by Stephane Robidas.
1:00 of 1st period - Deflect By Matthew Lombardi.
1:00 of 1st period - Shot Misses the Net.
1:00 of 1st period - Puck is out of play.
1:01 of 1st period - Jordan Nolan wins face-off versus Jeff O'Neill in Kings zone.
1:01 of 1st period - Jordan Nolan is hit by Matt Smaby.
1:04 of 1st period - Minor Penalty to Drew Doughty for Cross-checking.
1:05 of 1st period - Boyd Devereaux wins face-off versus Jeff Carter in Kings zone.
1:43 of 1st period - Snap shot by Dustin Byfuglien.
1:43 of 1st period - Shot Misses the Net.
1:55 of 1st period - Martin Samuelsson is hit by Dany Heatley and loses puck.
3:04 of 1st period - Penalty to Drew Doughty is over, Drew Doughty is back on ice.
3:38 of 1st period - Alexandre Picard is hit by Anze Kopitar and loses puck.
4:43 of 1st period - Tomas Kaberle is hit by Jeff O'Neill and loses puck.
4:50 of 1st period - Johnny Oduya is hit by Stephane Robidas and loses puck.
4:57 of 1st period - Jonathan Ericsson is hit by Andrei Kostitsyn and loses puck.
5:08 of 1st period - Alexandre Picard is hit by Andrei Kostitsyn and loses puck.
5:33 of 1st period - Lubomir Visnovsky is hit by Alexandre Picard and loses puck.
6:00 of 1st period - Backhand shot by Anze Kopitar.
6:00 of 1st period - Goal by Anze Kopitar - Kings : 1 - Flyers : 0.
6:01 of 1st period - Kyle Wellwood wins face-off versus Boyd Devereaux in neutral zone.
6:14 of 1st period - Snap shot by Scottie Upshall.
6:14 of 1st period - Shot Misses the Net.
6:39 of 1st period - Slapshot by Johnny Oduya.
6:39 of 1st period - Shot Misses the Net.
6:41 of 1st period - Wrist shot by Dustin Byfuglien.
6:41 of 1st period - Shot Blocked by Matt Smaby.
6:59 of 1st period - Wrist shot by Kyle Wellwood.
6:59 of 1st period - Shot Misses the Net.
8:01 of 1st period - Slapshot by Tomas Kaberle.
8:01 of 1st period - Stopped by Cory Schneider without a rebound.
8:02 of 1st period - Matt Duchene wins face-off versus Kyle Wellwood in Flyers zone.
9:43 of 1st period - Slapshot by Stephane Robidas.
9:43 of 1st period - Stopped by Viktor Fasth without a rebound.
9:44 of 1st period - Matt Duchene wins face-off versus Jeff Carter in Kings zone.
10:09 of 1st period - Blake Wheeler is hit by Scottie Upshall and loses puck.
10:14 of 1st period - Wrist shot by Miroslav Satan.
10:14 of 1st period - Stopped by Cory Schneider with a rebound.
10:30 of 1st period - Matt Smaby is hit by Jordan Nolan.
10:50 of 1st period - Jeff Woywitka is hit by Andrei Kostitsyn and loses puck.
11:42 of 1st period - Slapshot by Dion Phaneuf.
11:42 of 1st period - Shot Misses the Net.
11:52 of 1st period - Snap shot by Michel Ouellet.
11:52 of 1st period - Deflect By Rostislav Olesz.
11:52 of 1st period - Stopped by Viktor Fasth with a rebound.
12:23 of 1st period - Matt Smaby is hit by Lubomir Visnovsky and loses puck.
12:55 of 1st period - Off-side.
12:56 of 1st period - Kyle Wellwood wins face-off versus Boyd Devereaux in neutral zone.
12:59 of 1st period - Backhand shot by Blake Wheeler.
12:59 of 1st period - Stopped by Viktor Fasth without a rebound.
13:00 of 1st period - Boyd Devereaux wins face-off versus Kyle Wellwood in Kings zone.
13:31 of 1st period - Wrist shot by Jeff Carter.
13:31 of 1st period - Stopped by Viktor Fasth without a rebound.
13:32 of 1st period - Jeff Carter wins face-off versus Matt Duchene in Kings zone.
14:25 of 1st period - Icing by Johnny Oduya.
14:26 of 1st period - Kyle Wellwood wins face-off versus Boyd Devereaux in Kings zone.
14:33 of 1st period - Patrick Marleau is hit by Johnny Oduya and loses puck.
15:25 of 1st period - Snap shot by Johnny Oduya.
15:25 of 1st period - Shot Misses the Net.
15:42 of 1st period - Snap shot by Kyle Wellwood.
15:42 of 1st period - Shot Blocked by Andrei Kostitsyn.
15:56 of 1st period - Slapshot by Trevor Daley.
15:56 of 1st period - Stopped by Cory Schneider without a rebound.
15:57 of 1st period - Jeff Carter wins face-off versus Anze Kopitar in Flyers zone.
16:02 of 1st period - Wrist shot by Martin St. Louis.
16:02 of 1st period - Shot Blocked by Drew Doughty.
16:14 of 1st period - Wrist shot by Anze Kopitar.
16:14 of 1st period - Shot Misses the Net.
16:29 of 1st period - Slapshot by Tomas Kaberle.
16:29 of 1st period - Stopped by Cory Schneider with a rebound.
16:53 of 1st period - Wrist shot by Rostislav Olesz.
16:53 of 1st period - Stopped by Viktor Fasth without a rebound.
16:54 of 1st period - Jeff Carter wins face-off versus Matt Duchene in Kings zone.
16:59 of 1st period - Slapshot by Dany Heatley.
16:59 of 1st period - Deflect By Andrei Kostitsyn.
16:59 of 1st period - Shot Blocked by Drew Doughty.
16:59 of 1st period - Puck is out of play.
17:00 of 1st period - Matt Duchene wins face-off versus Jeff Carter in Kings zone.
18:15 of 1st period - Snap shot by Matt Duchene.
18:15 of 1st period - Stopped by Cory Schneider without a rebound.
18:16 of 1st period - Andrei Kostitsyn wins face-off versus Kyle Wellwood in Flyers zone.
18:19 of 1st period - Wrist shot by Matt Duchene.
18:19 of 1st period - Shot Blocked by Jeff Woywitka.
18:41 of 1st period - Martin St. Louis is hit by Boyd Devereaux and loses puck.
19:32 of 1st period - Off-side.
19:33 of 1st period - Kyle Wellwood wins face-off versus Matt Duchene in neutral zone.
19:50 of 1st period - Blake Wheeler is hit by Lubomir Visnovsky.
Goals for this period are 1 for Kings vs 0 for Flyers.
Shots for this period are 6 for Kings vs 5 for Flyers.

2nd period


0:01 of 2nd period - Matt Duchene wins face-off versus Kyle Wellwood in neutral zone.
0:03 of 2nd period - Off-side.
0:04 of 2nd period - Matt Duchene wins face-off versus Kyle Wellwood in neutral zone.
0:11 of 2nd period - Snap shot by Matt Duchene.
0:11 of 2nd period - Shot Blocked by Blake Wheeler.
0:17 of 2nd period - Snap shot by Andrei Kostitsyn.
0:17 of 2nd period - Stopped by Cory Schneider without a rebound.
0:18 of 2nd period - Matt Duchene wins face-off versus Kyle Wellwood in Flyers zone.
1:14 of 2nd period - Wrist shot by Rostislav Olesz.
1:14 of 2nd period - Deflect By Drew Doughty.
1:14 of 2nd period - Shot Misses the Net.
1:14 of 2nd period - Puck is out of play.
1:15 of 2nd period - Kyle Wellwood wins face-off versus Vladimir Tarasenko in Kings zone.
1:25 of 2nd period - Icing by Robyn Regehr.
1:26 of 2nd period - Matt Duchene wins face-off versus Kyle Wellwood in Flyers zone.
1:31 of 2nd period - Slapshot by Matt Duchene.
1:31 of 2nd period - Stopped by Cory Schneider without a rebound.
1:32 of 2nd period - Matt Duchene wins face-off versus Kyle Wellwood in Flyers zone.
1:40 of 2nd period - Icing by Patrick Marleau.
1:41 of 2nd period - Matt Duchene wins face-off versus Kyle Wellwood in Flyers zone.
1:55 of 2nd period - Icing by Matt Smaby.
1:56 of 2nd period - Anze Kopitar wins face-off versus Patrick Marleau in Flyers zone.
2:08 of 2nd period - Snap shot by Kyle Wellwood.
2:08 of 2nd period - Stopped by Viktor Fasth with a rebound.
2:10 of 2nd period - Slapshot by Jeff Woywitka.
2:10 of 2nd period - Stopped by Viktor Fasth without a rebound.
2:11 of 2nd period - Jeff Carter wins face-off versus Matt Duchene in Kings zone.
3:01 of 2nd period - Snap shot by Guillaume Latendresse.
3:01 of 2nd period - Deflect By Anze Kopitar.
3:01 of 2nd period - Shot Misses the Net.
3:01 of 2nd period - Puck is out of play.
3:02 of 2nd period - Anze Kopitar wins face-off versus Martin St. Louis in Flyers zone.
3:05 of 2nd period - Snap shot by Anze Kopitar.
3:05 of 2nd period - Shot Misses the Net.
3:19 of 2nd period - Snap shot by Jeff Carter.
3:19 of 2nd period - Stopped by Viktor Fasth without a rebound.
3:20 of 2nd period - Matt Duchene wins face-off versus Kyle Wellwood in Kings zone.
3:29 of 2nd period - Kyle Wellwood is hit by Matt Duchene and loses puck.
4:13 of 2nd period - Wrist shot by Guillaume Latendresse.
4:13 of 2nd period - Stopped by Cory Schneider with a rebound.
4:16 of 2nd period - Icing by Jeff Woywitka.
4:17 of 2nd period - Matt Duchene wins face-off versus Matthew Lombardi in Flyers zone.
4:36 of 2nd period - Snap shot by Michel Ouellet.
4:36 of 2nd period - Stopped by Viktor Fasth with a rebound.
5:22 of 2nd period - Martin St. Louis is hit by Boyd Devereaux and loses puck.
5:39 of 2nd period - Minor Penalty to Boyd Devereaux for High sticking.
5:40 of 2nd period - Anze Kopitar wins face-off versus Kyle Wellwood in Kings zone.
5:53 of 2nd period - Anze Kopitar is hit by Kyle Wellwood and loses puck.
6:14 of 2nd period - Johnny Oduya is hit by Matt Smaby and loses puck.
7:39 of 2nd period - Penalty to Boyd Devereaux is over, Boyd Devereaux is back on ice.
7:39 of 2nd period - Drew Doughty is hit by Stephane Robidas.
7:51 of 2nd period - Boyd Devereaux is hit by Stephane Robidas and loses puck.
8:06 of 2nd period - Slapshot by Drew Doughty.
8:06 of 2nd period - Stopped by Cory Schneider with a rebound.
8:14 of 2nd period - Drew Doughty is hit by Michel Ouellet and loses puck.
8:29 of 2nd period - Snap shot by Andrei Kostitsyn.
8:29 of 2nd period - Shot Misses the Net.
9:29 of 2nd period - Michel Ouellet is hit by Trevor Daley and loses puck.
9:42 of 2nd period - Stephane Robidas is hit by Maxim Afinogenov and loses puck.
10:16 of 2nd period - Lubomir Visnovsky is hit by Matt Smaby and loses puck.
10:46 of 2nd period - Robyn Regehr is hit by Trevor Daley and loses puck.
11:02 of 2nd period - Patrick Marleau is hit by Dustin Byfuglien.
11:45 of 2nd period - Jonathan Ericsson is hit by Tomas Kaberle.
11:55 of 2nd period - Alexandre Picard is hit by Scottie Upshall and loses puck.
13:04 of 2nd period - Snap shot by Guillaume Latendresse.
13:04 of 2nd period - Deflect By Maxim Afinogenov.
13:04 of 2nd period - Stopped by Cory Schneider with a rebound.
13:10 of 2nd period - Wrist shot by Guillaume Latendresse.
13:10 of 2nd period - Stopped by Cory Schneider without a rebound.
13:11 of 2nd period - Matt Duchene wins face-off versus Kyle Wellwood in Flyers zone.
14:08 of 2nd period - Slapshot by Miroslav Satan.
14:08 of 2nd period - Stopped by Cory Schneider with a rebound.
14:22 of 2nd period - Icing by Alexandre Picard.
14:23 of 2nd period - Jeff Carter wins face-off versus Matt Duchene in Flyers zone.
14:50 of 2nd period - Snap shot by Patrick Marleau.
14:50 of 2nd period - Deflect By Kyle Wellwood.
14:50 of 2nd period - Shot Blocked by Dion Phaneuf.
14:50 of 2nd period - Puck is out of play.
14:51 of 2nd period - Jordan Nolan wins face-off versus Kyle Wellwood in Kings zone.
14:51 of 2nd period - Jordan Nolan is hit by Kyle Wellwood.
15:43 of 2nd period - Wrist shot by Mike York.
15:43 of 2nd period - Shot Misses the Net.
16:21 of 2nd period - Patrick Marleau is hit by Jordan Nolan and loses puck.
16:44 of 2nd period - Wrist shot by Andrei Kostitsyn.
16:44 of 2nd period - Shot Blocked by Robyn Regehr.
16:46 of 2nd period - Wrist shot by Andrei Kostitsyn.
16:46 of 2nd period - Shot Misses the Net.
16:48 of 2nd period - Slapshot by Lubomir Visnovsky.
16:48 of 2nd period - Stopped by Cory Schneider with a rebound.
16:50 of 2nd period - Wrist shot by Andrei Kostitsyn.
16:50 of 2nd period - Shot Misses the Net.
17:06 of 2nd period - Wrist shot by Anze Kopitar.
17:06 of 2nd period - Shot Misses the Net.
17:24 of 2nd period - Slapshot by Kyle Wellwood.
17:24 of 2nd period - Shot Blocked by Boyd Devereaux.
17:46 of 2nd period - Snap shot by Martin Samuelsson.
17:46 of 2nd period - Shot Blocked by Rostislav Olesz.
17:48 of 2nd period - Wrist shot by Jordan Nolan.
17:48 of 2nd period - Shot Blocked by Jeff Woywitka.
17:50 of 2nd period - Slapshot by Dustin Byfuglien.
17:50 of 2nd period - Stopped by Cory Schneider without a rebound.
17:51 of 2nd period - Dany Heatley wins face-off versus Dustin Byfuglien in Flyers zone.
17:51 of 2nd period - Dany Heatley is hit by Johnny Oduya.
18:03 of 2nd period - Snap shot by Martin St. Louis.
18:03 of 2nd period - Shot Blocked by Trevor Daley.
18:05 of 2nd period - Snap shot by Matt Smaby.
18:05 of 2nd period - Stopped by Viktor Fasth without a rebound.
18:06 of 2nd period - Kyle Wellwood wins face-off versus Matt Duchene in Kings zone.
18:09 of 2nd period - Wrist shot by Kyle Wellwood.
18:09 of 2nd period - Shot Misses the Net.
18:19 of 2nd period - Wrist shot by Matt Duchene.
18:19 of 2nd period - Stopped by Cory Schneider with a rebound.
18:21 of 2nd period - Wrist shot by Vladimir Tarasenko.
18:21 of 2nd period - Shot Misses the Net.
18:36 of 2nd period - Wrist shot by Kyle Wellwood.
18:36 of 2nd period - Shot Misses the Net.
19:21 of 2nd period - Stephane Robidas is hit by Tomas Kaberle and loses puck.
Goals for this period are 0 for Kings vs 0 for Flyers.
Shots for this period are 10 for Kings vs 5 for Flyers.

3rd period


0:01 of 3rd period - Matt Duchene wins face-off versus Blake Wheeler in neutral zone.
0:04 of 3rd period - Backhand shot by Dion Phaneuf.
0:04 of 3rd period - Shot Blocked by Jeff Woywitka.
0:27 of 3rd period - Jeff Carter is hit by Maxim Afinogenov and loses puck.
0:36 of 3rd period - Snap shot by Maxim Afinogenov.
0:36 of 3rd period - Stopped by Cory Schneider without a rebound.
0:37 of 3rd period - Matt Duchene wins face-off versus Patrick Marleau in Flyers zone.
0:40 of 3rd period - Wrist shot by Andrei Kostitsyn.
0:40 of 3rd period - Deflect By Matt Duchene.
0:40 of 3rd period - Shot Misses the Net.
0:40 of 3rd period - Puck is out of play.
0:41 of 3rd period - Kyle Wellwood wins face-off versus Matt Duchene in Flyers zone.
0:41 of 3rd period - Kyle Wellwood is hit by Andrei Kostitsyn.
0:44 of 3rd period - Minor Penalty to Patrick Marleau for Hooking.
0:45 of 3rd period - Anze Kopitar wins face-off versus Matthew Lombardi in Flyers zone.
1:17 of 3rd period - Jeff Woywitka is hit by Vladimir Tarasenko and loses puck.
2:18 of 3rd period - Slapshot by Stephane Robidas.
2:18 of 3rd period - Shot Misses the Net.
2:44 of 3rd period - Penalty to Patrick Marleau is over, Patrick Marleau is back on ice.
2:54 of 3rd period - Snap shot by Kyle Wellwood.
2:54 of 3rd period - Stopped by Viktor Fasth with a rebound.
2:56 of 3rd period - Slapshot by Patrick Marleau.
2:56 of 3rd period - Shot Misses the Net.
2:58 of 3rd period - Wrist shot by Kyle Wellwood.
2:58 of 3rd period - Shot Misses the Net.
3:14 of 3rd period - Snap shot by Kyle Wellwood.
3:14 of 3rd period - Shot Blocked by Maxim Afinogenov.
3:16 of 3rd period - Snap shot by Blake Wheeler.
3:16 of 3rd period - Stopped by Viktor Fasth without a rebound.
3:17 of 3rd period - Jordan Nolan wins face-off versus Jeff O'Neill in Kings zone.
3:17 of 3rd period - Jordan Nolan is hit by Mike York.
4:00 of 3rd period - Snap shot by Drew Doughty.
4:00 of 3rd period - Deflect By Boyd Devereaux.
4:00 of 3rd period - Shot Blocked by Robyn Regehr.
4:00 of 3rd period - Puck is out of play.
4:01 of 3rd period - Jeff Carter wins face-off versus Boyd Devereaux in Flyers zone.
4:01 of 3rd period - Jeff Carter is hit by Boyd Devereaux.
4:19 of 3rd period - Slapshot by Dany Heatley.
4:19 of 3rd period - Stopped by Viktor Fasth without a rebound.
4:20 of 3rd period - Matt Duchene wins face-off versus Kyle Wellwood in Kings zone.
4:29 of 3rd period - Snap shot by Andrei Kostitsyn.
4:29 of 3rd period - Shot Misses the Net.
4:31 of 3rd period - Slapshot by Tomas Kaberle.
4:31 of 3rd period - Stopped by Cory Schneider with a rebound.
4:33 of 3rd period - Snap shot by Vladimir Tarasenko.
4:33 of 3rd period - Shot Misses the Net.
4:51 of 3rd period - Slapshot by Dany Heatley.
4:51 of 3rd period - Shot Blocked by Anze Kopitar.
4:53 of 3rd period - Slapshot by Jeff Woywitka.
4:53 of 3rd period - Stopped by Viktor Fasth with a rebound.
4:55 of 3rd period - Slapshot by Matt Smaby.
4:55 of 3rd period - Stopped by Viktor Fasth with a rebound.
4:57 of 3rd period - Slapshot by Jeff Woywitka.
4:57 of 3rd period - Shot Misses the Net.
5:36 of 3rd period - Wrist shot by Martin Samuelsson.
5:36 of 3rd period - Stopped by Cory Schneider without a rebound.
5:37 of 3rd period - Jeff Carter wins face-off versus Vladimir Tarasenko in Flyers zone.
5:47 of 3rd period - Minor Penalty to Drew Doughty for Interference.
5:48 of 3rd period - Kyle Wellwood wins face-off versus Boyd Devereaux in Kings zone.
6:23 of 3rd period - Wrist shot by Dany Heatley.
6:23 of 3rd period - Shot Blocked by Scottie Upshall.
6:44 of 3rd period - Trevor Daley is hit by Blake Wheeler and loses puck.
7:37 of 3rd period - Boyd Devereaux is hit by Kyle Wellwood and loses puck.
7:47 of 3rd period - Penalty to Drew Doughty is over, Drew Doughty is back on ice.
8:22 of 3rd period - Alexandre Picard is hit by Andrei Kostitsyn.
9:24 of 3rd period - Wrist shot by Matt Duchene.
9:24 of 3rd period - Stopped by Cory Schneider without a rebound.
9:25 of 3rd period - Kyle Wellwood wins face-off versus Scottie Upshall in Flyers zone.
9:35 of 3rd period - Backhand shot by Miroslav Satan.
9:35 of 3rd period - Shot Misses the Net.
10:17 of 3rd period - Snap shot by Martin St. Louis.
10:17 of 3rd period - Stopped by Viktor Fasth with a rebound.
10:19 of 3rd period - Slapshot by Martin St. Louis.
10:19 of 3rd period - Stopped by Viktor Fasth without a rebound.
10:20 of 3rd period - Jeff Carter wins face-off versus Anze Kopitar in Kings zone.
10:39 of 3rd period - Dion Phaneuf is hit by Matt Smaby and loses puck.
10:46 of 3rd period - Martin St. Louis is hit by Anze Kopitar.
10:54 of 3rd period - Backhand shot by Martin St. Louis.
10:54 of 3rd period - Stopped by Viktor Fasth with a rebound.
10:56 of 3rd period - Slapshot by Jeff Woywitka.
10:56 of 3rd period - Shot Blocked by Dion Phaneuf.
10:58 of 3rd period - Snap shot by Jeff Woywitka.
10:58 of 3rd period - Stopped by Viktor Fasth without a rebound.
10:59 of 3rd period - Matt Duchene wins face-off versus Kyle Wellwood in Kings zone.
11:08 of 3rd period - Snap shot by Matt Duchene.
11:08 of 3rd period - Stopped by Cory Schneider with a rebound.
11:49 of 3rd period - Backhand shot by Matthew Lombardi.
11:49 of 3rd period - Stopped by Viktor Fasth without a rebound.
11:50 of 3rd period - Matt Duchene wins face-off versus Matthew Lombardi in Kings zone.
12:11 of 3rd period - Matt Duchene is hit by Matthew Lombardi and loses puck.
12:35 of 3rd period - Slapshot by Dion Phaneuf.
12:35 of 3rd period - Shot Blocked by Matt Smaby.
12:37 of 3rd period - Snap shot by Matt Duchene.
12:37 of 3rd period - Stopped by Cory Schneider with a rebound.
12:43 of 3rd period - Wrist shot by Vladimir Tarasenko.
12:43 of 3rd period - Deflect By Matt Duchene.
12:43 of 3rd period - Deflect By Michel Ouellet.
12:43 of 3rd period - Goal by Matt Duchene - Kings : 2 - Flyers : 0.
12:44 of 3rd period - Anze Kopitar wins face-off versus Kyle Wellwood in neutral zone.
12:47 of 3rd period - Snap shot by Maxim Afinogenov.
12:47 of 3rd period - Shot Misses the Net.
12:49 of 3rd period - Slapshot by Johnny Oduya.
12:49 of 3rd period - Stopped by Cory Schneider with a rebound.
12:51 of 3rd period - Wrist shot by Anze Kopitar.
12:51 of 3rd period - Shot Misses the Net.
12:53 of 3rd period - Slapshot by Maxim Afinogenov.
12:53 of 3rd period - Shot Misses the Net.
12:55 of 3rd period - Slapshot by Anze Kopitar.
12:55 of 3rd period - Shot Blocked by Stephane Robidas.
13:23 of 3rd period - Snap shot by Martin St. Louis.
13:23 of 3rd period - Shot Blocked by Scottie Upshall.
13:32 of 3rd period - Icing by Scottie Upshall.
13:33 of 3rd period - Mike York wins face-off versus Jordan Nolan in Kings zone.
13:42 of 3rd period - Slapshot by Mike York.
13:42 of 3rd period - Deflect By Michael Ryder.
13:42 of 3rd period - Stopped by Viktor Fasth without a rebound.
13:43 of 3rd period - Anze Kopitar wins face-off versus Kyle Wellwood in Kings zone.
14:46 of 3rd period - Snap shot by Jeff Carter.
14:46 of 3rd period - Shot Misses the Net.
14:48 of 3rd period - Snap shot by Martin St. Louis.
14:48 of 3rd period - Stopped by Viktor Fasth without a rebound.
14:49 of 3rd period - Kyle Wellwood wins face-off versus Anze Kopitar in Kings zone.
14:53 of 3rd period - Minor Penalty to Maxim Afinogenov for Hooking.
14:54 of 3rd period - Boyd Devereaux wins face-off versus Dany Heatley in Kings zone.
15:00 of 3rd period - Slapshot by Lubomir Visnovsky.
15:00 of 3rd period - Shot Misses the Net.
15:26 of 3rd period - Johnny Oduya is hit by Blake Wheeler and loses puck.
16:53 of 3rd period - Penalty to Maxim Afinogenov is over, Maxim Afinogenov is back on ice.
16:57 of 3rd period - Andrei Kostitsyn is hit by Mike York and loses puck.
17:44 of 3rd period - Icing by Maxim Afinogenov.
17:45 of 3rd period - Matt Duchene wins face-off versus Kyle Wellwood in Kings zone.
17:50 of 3rd period - Snap shot by Vladimir Tarasenko.
17:50 of 3rd period - Stopped by Cory Schneider with a rebound.
17:52 of 3rd period - Snap shot by Vladimir Tarasenko.
17:52 of 3rd period - Deflect By Matt Duchene.
17:52 of 3rd period - Stopped by Cory Schneider without a rebound.
17:53 of 3rd period - Boyd Devereaux wins face-off versus Patrick Marleau in Flyers zone.
18:23 of 3rd period - Snap shot by Dustin Byfuglien.
18:23 of 3rd period - Shot Misses the Net.
19:01 of 3rd period - Wrist shot by Guillaume Latendresse.
19:01 of 3rd period - Shot Misses the Net.
19:03 of 3rd period - Snap shot by Maxim Afinogenov.
19:03 of 3rd period - Shot Misses the Net.
19:05 of 3rd period - Snap shot by Johnny Oduya.
19:05 of 3rd period - Shot Misses the Net.
19:15 of 3rd period - Jeff O'Neill is hit by Anze Kopitar and loses puck.
19:23 of 3rd period - Icing by Mike York.
19:24 of 3rd period - Anze Kopitar wins face-off versus Jeff Carter in Flyers zone.
19:41 of 3rd period - Snap shot by Scottie Upshall.
19:41 of 3rd period - Shot Misses the Net.
19:43 of 3rd period - Slapshot by Scottie Upshall.
19:43 of 3rd period - Shot Misses the Net.
Goals for this period are 1 for Kings vs 0 for Flyers.
Shots for this period are 10 for Kings vs 12 for Flyers.


Output by the SimonT Hockey Simulator (STHS) for François Prévost -- Original Page W3C XHTML 1.0 Valid
Hockey Simulator - Hockey Simulation - Hockey Manager